 Dungeon Crawl Stone Soup version 0.30-a0-918-g0ff054e9dc (webtiles) character file.

Game seed: 8207068282459725075

30 dialectric the Trooper (level 3, 0/24 HPs)
             Began as a Gargoyle Fighter on Mar 20, 2023.
             Slain by a gnoll
             ... wielding a +0 club
              (2 damage)
             ... on level 2 of the Dungeon.
             The game lasted 00:00:34 (322 turns).

dialectric the Trooper (Gargoyle Fighter)            Turns: 322, Time: 00:00:35

Health: 0/24       AC: 10    Str: 21    XL:     3   Next: 20%
Magic:  3/3        EV: 10    Int:  8    God:
Gold:   0          SH:  0    Dex:  9    Spells: 2/2 levels left

rFire   . . .      SeeInvis .    a - +0 long sword
rCold   . . .      Faith    .    (no shield)
rNeg    + . .      Spirit   .    b - +0 scale mail
rPois   ∞          Reflect  .    (no helmet)
rElec   +          Rampage  .    (no cloak)
rCorr   .                        (no gloves)
Will    .....                    (no boots) Stlth
                                 (no amulet)
HPRegen 0.24/turn                (no ring)
MPRegen 0.08/turn                (no ring)

@: mighty
A: sickness immunity, AC +3, negative energy resistance 1, electricity
resistance, torment resistance 1, petrification resistance
a: no special abilities


You were on level 2 of the Dungeon.
You visited 1 branch of the dungeon, and saw 2 of its levels.

Inventory:

Hand Weapons
 a - a +0 long sword (weapon)
Armour
 b - a +0 scale mail (worn)
 c - a +0 buckler


   Skills:
 + Level 3.7 Fighting
 + Level 2.1 Long Blades
 + Level 3.6 Armour
 * Level 1.0 Dodging
 - Level 3.2 Shields


You had 2 spell levels left.
You didn't know any spells.
Your spell library was empty.

Dungeon Overview and Level Annotations

Branches:
Dungeon (1/15)

Altars:


Innate Abilities, Weirdness & Mutations

You are immune to sickness and miasma.
Your stone body is resilient. (AC +3)
You are immune to poison.
You resist negative energy. (rN+)
You are resistant to electric shocks. (rElec)
You are resistant to unholy torment.
You are immune to petrification.


Message History

No target in view!
No target in view!
No target in view!
A sourceless malevolence fills the Dungeon...
You fall into a shaft and drop 1 floor!
The shaft crumbles and collapses.
A gnoll comes into view. It is wielding a +0 club.
A gnoll comes into view. It is wielding a +0 club.
The gnoll shouts!
There are monsters nearby!
A gnoll comes into view. It is wielding a +0 flail.
There are monsters nearby!
The gnoll shouts!
The gnoll hits you but does no damage. The gnoll attacks as you move away!
The gnoll hits you with a +0 club. The gnoll attacks as you move away!
The gnoll closely misses you. The gnoll attacks as you move away!
The gnoll hits you with a +0 club. The gnoll attacks as you move away!
The gnoll barely misses you.
You feel very mighty all of a sudden. The gnoll barely misses you.
You barely miss the gnoll. The gnoll barely misses you.
You closely miss the gnoll. The gnoll hits you but does no damage.
You barely miss the gnoll. The gnoll hits you with a +0 club.
You hit the gnoll.
The gnoll is lightly wounded.
The gnoll hits you with a +0 club. x2
* * * LOW HITPOINT WARNING * * *
You slash the gnoll!
You kill the gnoll!
Your Dodging skill increases to level 1!
You have reached level 3!
Your experience leads to an increase in your attributes!
Increase (S)trength, (I)ntelligence, or (D)exterity?
You feel stronger. x2
Unknown command.
You aren't carrying any potions.
You closely miss the gnoll. The gnoll hits you with a +0 club.
* * * LOW HITPOINT WARNING * * *
You barely miss the gnoll. The gnoll hits you with a +0 club.
You die...

# ### # #. ..# ##. #.
#.# #...#.# #.#
#....##.#
#...#.#####.#
##.#...gg@...#
........#.#########.#
...#####.............
#.##########.. #..#
#.## .. ###


You could see 2 gnolls.

Vanquished Creatures
  A gnoll (D:2)
  A dart slug (D:1)
  3 ball pythons (D:1)
  An endoplasm (D:1)
  A goblin (D:1)
  3 hobgoblins (D:1)
  4 jackals (D:1)
  A kobold (D:1)
  A frilled lizard (D:1)
16 creatures vanquished.

Notes
Turn   | Place    | Note
-------+----------+-------------------------------------------
     0 | D:1      | dialectric the Gargoyle Fighter began the quest for the
                  | Orb.
     0 | D:1      | Reached XP level 1. HP: 14/14 MP: 1/1
    55 | D:1      | Reached XP level 2. HP: 12/19 MP: 2/2
   303 | D:1      | You fall into a shaft and drop 1 floor!
   321 | D:2      | Reached skill level 1 in Dodging
   321 | D:2      | Reached XP level 3. HP: 3/24 MP: 3/3
   321 | D:2      | HP: 1/24 [gnoll/+0 club (2)]
   322 | D:2      | Slain by a gnoll

Illustrated notes

Levels and vault maps discovered:
D:1:      erik_arrival_cave_to_civilisation [erik_arrival_cave_to_hall],
          layout_basic, serial_shops, nicolae_shop_bloodbath_and_beyond,
          minivault_23, minivault_24, minmay_misc_feat_more_columns
D:2:      layout_loops_ring, serial_shops, shop_fountains, minmay_diced_spiral

Skill      XL: |  1  2 |
---------------+-------+-----
Long Blades    | 2 |  2.1
Dodging        | 1 |  1.0
Fighting       | |  3.7
Armour         | |  3.6
Shields        | |  3.2

Action                     || total
---------------------------++-------
  Melee: Long sword        ||    51
    Use: Potion            ||     1
 Armour: Scale mail        ||    55
  Dodge: Dodged            ||    57

Table legend: (Time is in decaauts)
 A = Elapsed time spent in this place.
 B = Non-inter-level travel time spent in this place.
 C = Inter-level travel time spent in this place.
 D = Time resting spent in this place.
 E = Time spent auto-exploring this place.
 F = Levels seen in this place.
 G = Mean time per level.
                   A        B        C        D        E       F      G
               +--------+--------+--------+--------+--------+-----+--------+
         Total |    337 |    337 |      0 |      0 |    202 |   2 |  168.5 |
       Dungeon |    337 |    337 |      0 |      0 |    202 |   2 |  168.5 |
               +--------+--------+--------+--------+--------+-----+--------+

Top non-repeatable levels by time:
     D:1: 316 daAuts
     D:2: 20 daAuts
